 Dungeon Crawl Stone Soup version 0.22.0-5-gf09313c8f9 (webtiles) character file.

89 Htamos the Skirmisher (level 4, -5/35 HPs)
             Began as a Mummy Abyssal Knight on Aug 13, 2018.
             Was a Follower of Lugonu.
             Slain by an iron imp (8 damage)
             ... summoned by Natasha
             ... on level 2 of the Dungeon.
             The game lasted 00:02:20 (2016 turns).

Htamos the Skirmisher (Mummy Abyssal Knight)        Turns: 2016, Time: 00:02:21

Health: -5/35      AC:  8    Str: 16    XL:     4   Next: 31%
Magic:  6/6        EV:  6    Int: 11    God:    Lugonu [*.....]
Gold:   64         SH:  0    Dex: 11    Spells: 3/3 levels left

rFire    x . .     SeeInvis .   a - +1 mace
rCold    + . .     Gourm    .   (no shield)
rNeg     + + +     Faith    .   e - +0 chain mail
rPois    ∞         Spirit   .   (no helmet)
rElec    .         Reflect  .   (no cloak)
rCorr    .         Harm     .   (no gloves)
MR       .....                  (no boots)
Stlth    ..........             (no amulet)
HPRegen  0.11/turn              (no ring)
MPRegen  0.10/turn              (no ring)

@: slowed, very slow
A: no food or potions, fire vulnerability, cold resistance 1, negative energy
resistance 3, torment resistance, unbreathing
a: Depart the Abyss, Renounce Religion


You were on level 2 of the Dungeon.
You worshipped Lugonu.
Lugonu was aware of your devotion.
You were not hungry.

You visited 1 branch of the dungeon, and saw 2 of its levels.
You visited the Abyss 1 time.

You collected 64 gold pieces.

Inventory:

Hand Weapons
 a - a +1 mace (weapon)
Missiles
 h - 60 stones (quivered)
Armour
 b - a +0 leather armour
 e - a +0 chain mail (worn)
Jewellery
 f - a cursed ring of teleportation {unknown}
 j - a cursed -3 ring of protection {unknown}
Scrolls
 c - 2 scrolls of noise {unknown}
 d - a scroll of remove curse {unknown}
 g - 2 scrolls of identify {unknown}
 i - a scroll of amnesia {unknown}


   Skills:
 + Level 3.5 Fighting
 + Level 2.2 Maces & Flails
 + Level 2.1 Armour
 - Level 0.7 Dodging
 * Level 2.8 Invocations


You had 3 spell levels left.
You didn't know any spells.
Your spell library was empty.

Dungeon Overview and Level Annotations

Branches:
Dungeon (2/15)

Altars:

Annotations:
D:2 Natasha


Innate Abilities, Weirdness & Mutations

You do not eat or drink.
Your flesh is vulnerable to fire.
You are immune to poison.
Your flesh is cold resistant. (rC+)
You are immune to negative energy. (rN+++)
You are immune to unholy pain and torment.
You can survive without breathing.


Message History

Natasha casts a spell at you. You resist with some effort.
Natasha wildly gestures.
You feel troubled.
Natasha mumbles some strange words.
You hit Natasha.
Natasha is almost dead.
Natasha claws you but does no damage. The iron imp hits you.
* * * LOW HITPOINT WARNING * * *
Unknown command.
Your chain mail prevents you from hitting Natasha.
Natasha is almost dead.
Natasha casts a spell at you.
You feel as though you will be slow longer.
The iron imp hits you.
* * * LOW HITPOINT WARNING * * *
Natasha claws you.
* * * LOW HITPOINT WARNING * * *
The iron imp hits you!
You die...

.# .# ###. ... #.#
#.##########
#######...........
#.@5†...........#
#h#####.#.#####.#
#. ##.#.# #.### #.
#....# #.... #.
#..#.# #.### #.
#..#.#####.# #.
#..#.......# #.
#..####.####
........#


You could see an iron imp and Natasha.

Vanquished Creatures
  Natasha (twice) (D:2)
  An adder (D:2)
  A white imp (Abyss:1)
  A worm (D:2)
  2 leopard geckos (D:1)
  2 bats (D:1)
  A giant cockroach (D:1)
  2 hobgoblins (D:1)
  3 frilled lizards
  2 goblins (D:1)
  A kobold (D:1)
  7 rats
25 creatures vanquished.

Notes
Turn   | Place    | Note
-------+----------+-------------------------------------------
     0 | Abyss:1  | Htamos the Mummy Abyssal Knight began the quest for the Orb.
     0 | Abyss:1  | Reached XP level 1. HP: 18/18 MP: 2/2
   404 | Abyss:1  | Noticed a small abomination
   408 | Abyss:1  | Noticed a great orb of eyes
   410 | D:1      | Escaped the Abyss
   440 | D:1      | Reached XP level 2. HP: 24/24 MP: 3/3
   750 | D:1      | Reached * piety under Lugonu
  1284 | D:2      | Noticed Natasha
  1301 | D:2      | Killed Natasha
  1301 | D:2      | Reached XP level 3. HP: 14/29 MP: 4/4
  1308 | D:2      | Noticed Natasha
  1318 | D:2      | Killed Natasha
  1318 | D:2      | Reached XP level 4. HP: 11/35 MP: 4/6
  2001 | D:2      | Noticed Natasha
  2016 | D:2      | Slain by an iron imp

Skill      XL: |  1  2 |
---------------+-------+-----
Invocations    | 2 |  2.8
Maces & Flails | 2 |  2.2
Armour         | 2 |  2.1
Fighting       | |  3.5
Dodging        | |  0.7

Action                   |  1- 3 |  4- 6 || total
-------------------------+-------+-------++-------
Melee: Mace              |    71 |    44 ||   115
Invok: Depart the Abyss  |     1 |       ||     1
Armor: Leather armour    |     8 |       ||     8
       Chain mail        |    25 |    28 ||    53
Dodge: Dodged            |    30 |     9 ||    39
